 Dungeon Crawl Stone Soup version 0.30-a0-322-g102857c98e (webtiles) character file.

Game seed: 2711283065913678346

26 ragingrage the Sneak (level 2, 0/24 HPs)
             Began as a Demonspawn Delver on Oct 27, 2022.
             Slain by a gnoll
             ... wielding a +0 spear
              (4 damage)
             ... on level 1 of the Dungeon.
             The game lasted 00:02:02 (891 turns).

ragingrage the Sneak (Demonspawn Delver)             Turns: 891, Time: 00:02:02

Health: 0/24       AC:  3    Str: 12    XL:     2   Next: 89%
Magic:  2/2        EV: 11    Int: 11    God:
Gold:   60         SH:  0    Dex: 14    Spells: 1/1 levels left

rFire   . . .      SeeInvis .    a - +0 hand axe
rCold   . . .      Faith    .    (no shield)
rNeg    . . .      Spirit   .    b - +0 leather armour
rPois   .          Reflect  .    (no helmet)
rElec   .          Harm     .    (no cloak)
rCorr   .          Rampage  .    (no gloves)
Will    .....                    (no boots)
Stlth   +.........               (no amulet)
HPRegen 0.24/turn                (no ring)
MPRegen 0.16/turn                (no ring)

@: confused, ambrosia-drunk, attractive
A: magic regeneration
a: no special abilities


You were on level 1 of the Dungeon.
You visited 1 branch of the dungeon, and saw 6 of its levels.

You collected 60 gold pieces.

Inventory:

Hand Weapons
 a - a +0 hand axe (weapon)
 k - a +0 trident
Missiles
 j - 5 boomerangs (quivered)
Armour
 b - a +0 leather armour (worn)
Wands
 g - a wand of digging (3)
Scrolls
 c - 2 scrolls of fog
 d - a scroll of magic mapping
 e - 3 scrolls of fear
 l - 2 scrolls of identify {unknown}
Potions
 f - a potion of haste
 h - a potion of curing


   Skills:
 - Level 3.0 Fighting
 + Level 3.1 Axes
 - Level 1.7 Dodging
 - Level 4.5 Stealth


You had one spell level left.
You didn't know any spells.
Your spell library contained the following spells:

 Spells                   Type           Power      Damage    Failure   Level
 Ignite Poison            Fire/Tmut/Pois 0%         N/A       80%         3
 Sticky Flame             Conj/Fire      0%         2d3       99%         4
 Ignition                 Fire           0%         3d3       100%        8


Dungeon Overview and Level Annotations

Branches:
Dungeon (6/15)
 Temple: D:4-7

Altars:
Kikubaaqudgha

Shops:
D:2 [

Annotations:
D:5 exclusion: hound, Ijyb


Innate Abilities, Weirdness & Mutations

You regenerate magic rapidly.


Message History

Aim: a gnoll, wielding a +0 spear (heavily wounded, 63% to hit)
You throw a boomerang. The boomerang closely misses the gnoll.
The gnoll hits you from afar with a +0 spear.
Throw: 5 boomerangs
Press: ? - help, Q - select action Shift-Dir - straight line, f/p - gnoll
Aim: a gnoll, wielding a +0 spear (heavily wounded, 63% to hit)
You throw a boomerang. The boomerang hits the gnoll.
The gnoll is severely wounded.
The gnoll hits you from afar with a +0 spear. x2
The gnoll hits you with a +0 spear.
* * * LOW HITPOINT WARNING * * *
You hit the gnoll but do no damage.
The gnoll is severely wounded.
The gnoll hits you with a +0 spear.
* * * LOW HITPOINT WARNING * * *
It was a potion of curing.
You feel better. The gnoll hits you with a +0 spear.
It was a potion of magic.
Magic courses through your body. The gnoll hits you with a +0 spear.
* * * LOW HITPOINT WARNING * * *
It was a potion of attraction.
You feel attractive to monsters. The gnoll misses you.
It was a potion of ambrosia.
You are confused.
You feel invigorated. The gnoll hits you with a +0 spear.
* * * LOW HITPOINT WARNING * * *
The gnoll hits you from afar with a +0 spear.
* * * LOW HITPOINT WARNING * * *
The gnoll is attracted toward you.
The gnoll hits you from afar with a +0 spear!
* * * LOW HITPOINT WARNING * * *
The gnoll is attracted toward you.
You hit the gnoll.
The gnoll is almost dead.
The gnoll hits you with a +0 spear.
* * * LOW HITPOINT WARNING * * *
The gnoll attacks as you move away! The gnoll hits you with a +0 spear.
* * * LOW HITPOINT WARNING * * *
The gnoll hits you from afar with a +0 spear.
You die...

#. #...#.#.......#
#. #...#.........###
#. #...#...........#
#. #####....##.....#
#....##.....#
...#...ยง#......#
#.....g#......#####
##..................
######.@...########
####.#######
#.......# ##...##.#
#...##.# #...##.#
#...##.###### .
#...#.......# #
#...#.......# #


You could see a gnoll.

Vanquished Creatures
  2 dart slugs (D:2)
  4 bats
  An endoplasm (D:2)
  A hobgoblin (D:2)
  5 jackals (D:1)
  A quokka (D:1)
  A frilled lizard (D:2)
  2 goblins (D:2)
  2 kobolds (D:2)
  3 rats
22 creatures vanquished.

Notes
Turn   | Place    | Note
-------+----------+-------------------------------------------
     0 | D:5      | ragingrage the Demonspawn Delver began the quest for the
                  | Orb.
     0 | D:5      | Reached XP level 1. HP: 18/18 MP: 1/1
     1 | D:5      | Noticed a hound
    27 | D:5      | Noticed Ijyb
   136 | D:3      | Found an ancient bone altar of Kikubaaqudgha.
   417 | D:2      | Gained mutation: You regenerate magic rapidly. [demonic
                  | ancestry]
   417 | D:2      | Reached XP level 2. HP: 21/24 MP: 2/2
   696 | D:2      | Found Nuuhix's Armour Shop.
   891 | D:1      | HP: 1/24 [gnoll/+0 spear (3)]
   891 | D:1      | Slain by a gnoll

Illustrated notes

Levels and vault maps discovered:
D:1:      shiori_arrival_maze, layout_basic
D:2:      layout_loops_ring, serial_shops, shop_fountains
D:3:      layout_basic, lemuel_crystal_altar, mainiacjoe_overflow_alcove_1,
          hangedman_ru_absence, nicolae_wu_jian_wuxing_cycle, uniq_terence,
          uniq_robin, uniq_sigmund
D:4:      minmay_recursive_quarters, layout_basic, temple_pool_b
D:5:      layout_loops_ring, elyvilon_altar_3, uniq_ijyb
D:6:      layout_basic, uniq_edmund

Skill      XL: |  1  2 |
---------------+-------+-----
Axes           | 2 3 |  3.1
Fighting       | |  3.0
Dodging        | |  1.7
Stealth        | |  4.5

Action                   || total
-------------------------++-------
Melee: Hand axe          ||    59
       Punch             ||     1
Throw: Boomerang         ||    23
  Use: Potion            ||     4
 Stab: Sleeping          ||     1
Armor: Leather armour    ||    19
Dodge: Dodged            ||    30

Table legend: (Time is in decaauts)
 A = Elapsed time spent in this place.
 B = Non-inter-level travel time spent in this place.
 C = Inter-level travel time spent in this place.
 D = Time resting spent in this place.
 E = Time spent auto-exploring this place.
 F = Levels seen in this place.
 G = Mean time per level.
                   A        B        C        D        E       F      G
               +--------+--------+--------+--------+--------+-----+--------+
         Total |    909 |    896 |     13 |     70 |    494 |   6 |  151.5 |
       Dungeon |    909 |    896 |     13 |     70 |    494 |   6 |  151.5 |
               +--------+--------+--------+--------+--------+-----+--------+

Top non-repeatable levels by time:
     D:2: 456 daAuts
     D:1: 273 daAuts
     D:3: 89 daAuts
     D:5: 56 daAuts
     D:4: 19 daAuts
     D:6: 13 daAuts
